Map: Vigía EE

Players

murKENuhm - Winner!

  • Race: Protoss Protoss
  • Spawn Location: 9:00

RyanSpinnaz - Winner!

  • Race: Terran Terran
  • Spawn Location: 9:00

TestBooster - Winner!

  • Race: Protoss Protoss
  • Spawn Location: 12:00

TATORREA

  • Race: Protoss Protoss
  • League: Silver
  • Spawn Location: 5:00

MrFercho

  • Race: Zerg Zerg
  • League: Silver
  • Spawn Location: 6:00

tigro

  • Race: Terran Terran
  • League: Bronze
  • Spawn Location: 5:00

VOD

Have the link to the VOD?

Description

Time

  • Played on: June 26, 2020, 8:58 p.m.
  • Length: 17:10
Show
View Real Time Build Order
Export as new Build Order

murKENuhm Protoss - Winner!

Build Orders:  

Get SALT Encoding   

  12  0:01  Probe  
  13  0:09  Probe  
  14  0:21  Pylon  
  14  0:39  Forge  
  14  1:00  Probe  
  14  1:01  Pylon  
  15  1:12  Probe  
  16  1:24  Probe  
  17  1:26  Photon Cannon  
  16  1:35  Assimilator  
  16  1:39  Probe  
  16  1:40  Assimilator  
  16  1:45  Gateway  
  16  1:47  Probe  
  18  1:54  Pylon  
  18  1:56  Probe  
  19  2:08  Probe  
  20  2:16  Photon Cannon  
  20  2:19  Probe  
  20  2:22  Photon Cannon  
  21  2:27  Probe  
  22  2:40  Cybernetics Core  
  22  2:59  Nexus  
  22  3:08  Protoss Shields Level 1  
  22  3:15  Probe  
  23  3:27  Probe  
  23  3:28  Protoss Air Weapons Level 1  
  24  3:44  Probe  
  25  3:53  Stargate  
  25  3:55  Stargate  
  25  3:59  Pylon, Probe  
  26  4:10  Pylon  
  26  4:12  Probe  
  27  4:22  Probe  
  27  4:27  Probe  
  27  4:30  Probe  
  29  4:35  Probe  
  30  4:38  Void Ray  
  30  4:39  Probe  
  36  4:48  Assimilator  
  36  4:50  Probe  
  36  4:51  Probe  
  38  4:53  Assimilator  
  38  5:03  Probe  
  39  5:09  Fleet Beacon  
  39  5:14  Probe  
  39  5:20  Probe  
  41  5:26  Probe  
  42  5:30  Protoss Air Armor Level 1  
  42  5:32  Probe  
  43  5:38  Probe  
  44  5:45  Probe  
  44  5:46  Void Ray  
  49  5:50  Probe  
  49  5:51  Void Ray  
  54  6:09  Unknown  
  54  6:11  Stargate  
  54  6:33  Pylon  
  54  6:51  Void Ray x2  
  62  6:55  Pylon  
  62  7:01  Cybernetics Core  
  62  7:12  Void Ray  
  66  7:18  Twilight Council  
  66  7:23  Pylon  
  66  7:29  Pylon  
  66  7:34  Void Ray  
  66  7:35  Pylon  
  70  7:41  Protoss Shields Level 2, Void Ray  
  70  7:44  Pylon  
  74  7:55  Void Ray  
  78  8:00  Nexus  
  78  8:21  Void Ray  
  82  8:30  Void Ray  
  86  8:35  Assimilator  
  86  8:39  Assimilator  
  86  8:46  Probe  
  86  8:47  Probe  
  88  8:58  Pylon, Probe  
  88  8:59  Pylon, Probe  
  88  9:02  Pylon  
  90  9:06  Pylon  
  90  9:08  Protoss Air Weapons Level 2, Pylon  
  90  9:09  Protoss Air Armor Level 2  
  90  9:10  Probe  
  90  9:11  Probe  
  92  9:22  Probe  
  92  9:23  Probe x2  
  95  9:34  Probe  
  95  9:35  Void Ray, Probe x2  
  95  9:36  Void Ray  
  106  9:47  Probe  
  106  9:51  Void Ray  
  111  9:59  Probe  
  112  10:11  Probe  
  113  10:18  Void Ray  
  113  10:19  Void Ray  
  121  10:34  Void Ray  
  113  11:01  Void Ray x2  
  121  11:17  Void Ray  
  121  11:31  Protoss Shields Level 3, Probe  
  122  11:43  Probe  
  122  11:44  Void Ray x2  
  131  11:48  Protoss Air Armor Level 3  
  131  11:55  Probe  
  131  12:00  Void Ray  
  136  12:08  Nexus  
  136  12:11  Stargate  
  136  12:22  Assimilator  
  136  12:27  Void Ray x2  
  144  12:31  Assimilator  
  144  12:36  Nexus  
  144  12:43  Void Ray  
  148  13:08  Protoss Air Weapons Level 3  
  148  13:09  Void Ray  
  152  13:13  Void Ray  
  156  13:20  Void Ray  
  156  13:21  Pylon  
  156  13:23  Pylon  
  156  13:25  Void Ray, Pylon  
  164  13:27  Pylon  
  164  13:31  Pylon  
  164  13:33  Pylon  
  164  13:35  Pylon  
  164  13:37  Pylon  
  164  13:39  Pylon  
  164  13:47  Assimilator  
  164  13:52  Void Ray  
  168  13:56  Void Ray  
  163  14:03  Void Ray  
  163  14:08  Void Ray  
  151  14:35  Void Ray  
  155  14:39  Void Ray, Probe  
  160  14:45  Void Ray  
  160  14:51  Void Ray, Probe  
  169  15:03  Probe  
  170  15:14  Assimilator  
  170  15:16  Probe  
  170  15:18  Void Ray  
  175  15:22  Void Ray  
  175  15:28  Void Ray, Probe  
  180  15:34  Void Ray  
  188  15:40  Probe  
  189  15:52  Probe  
  190  16:01  Void Ray  
  186  16:04  Void Ray, Probe  
  191  16:11  Void Ray  
  191  16:16  Probe  
  191  16:17  Void Ray  
Show
View Real Time Build Order
Export as new Build Order

RyanSpinnaz Terran - Winner!

Build Orders:  

Get SALT Encoding   

  12  0:02  SCV  
  13  0:14  SCV  
  14  0:23  Supply Depot  
  14  0:26  SCV  
  15  0:44  SCV  
  15  0:49  Barracks  
  16  0:57  SCV  
  17  1:00  Barracks  
  17  1:09  SCV  
  18  1:27  Barracks  
  18  1:38  Refinery  
  18  1:49  Supply Depot  
  18  1:57  Marine x2, Refinery  
  20  2:13  SCV  
  20  2:15  Marine x2  
  23  2:24  Marine  
  23  2:25  SCV  
  25  2:32  Marine  
  25  2:33  Marine  
  27  2:39  SCV  
  27  2:42  Marine  
  29  2:50  Marine  
  29  2:51  Marine  
  31  3:03  Supply Depot  
  31  3:22  Orbital Command  
  31  3:24  Marine x3  
  31  3:26  Supply Depot  
  34  3:33  Factory  
  34  3:42  Marine x3  
  37  4:00  Marine x3  
  33  4:18  Marine x3  
  33  4:33  Factory Tech Lab  
  33  4:36  Marine x3  
  36  4:48  Command Center  
  36  4:53  Marine x3  
  36  4:57  Siege Tank  
  42  5:11  Marine x3  
  42  5:12  Starport  
  45  5:29  Marine x2  
  45  5:33  Supply Depot  
  47  5:54  Marine x2  
  47  5:55  Marine  
  49  6:12  Marine  
  49  6:14  Marine x2  
  45  6:30  Marine  
  45  6:32  Marine x2  
  37  6:43  SCV  
  38  6:48  Marine  
  38  6:49  Starport Reactor, Marine x2  
  41  6:55  SCV  
  41  7:01  Starport  
  42  7:06  Marine  
  42  7:07  SCV  
  44  7:19  SCV  
  45  7:31  SCV  
  46  7:37  Starport Reactor  
  46  7:45  Viking x2  
  50  7:59  Siege Tank  
  53  8:15  Viking x2  
  57  8:20  Viking x2  
  61  8:45  Viking x2  
  65  8:50  Viking x2, Supply Depot  
  69  8:57  Armory  
  69  9:13  Supply Depot  
  69  9:15  Viking  
  69  9:16  Refinery  
  71  9:19  SCV  
  71  9:20  Viking  
  74  9:31  SCV  
  75  9:35  Viking  
  77  9:39  Viking  
  79  9:57  Terran Ship Weapons Level 1, Supply Depot  
  79  9:59  Viking  
  81  10:12  Viking  
  83  10:17  Viking  
  85  10:25  Supply Depot  
  85  10:45  Viking x2  
  85  10:48  Viking  
  91  11:01  Viking  
  89  11:16  Viking x2  
  89  11:25  Viking  
  77  11:36  Viking  
  79  11:46  Viking  
  81  11:47  Viking  
  83  12:02  Viking  
  83  12:06  Viking  
  83  12:16  Viking  
  85  12:23  Viking  
  87  12:35  Viking  
  89  12:48  Viking  
  89  12:49  Viking  
  93  13:05  Viking x2  
  81  13:20  Viking x2  
  77  13:35  Viking  
  77  13:37  Terran Vehicle And Ship Armor Level 1  
  79  13:51  Siege Tank  
  82  14:11  Viking  
  82  14:12  Viking x2  
  88  14:23  Siege Tank  
  91  14:29  Viking  
  93  14:41  Viking  
  95  14:52  Viking x2  
  99  15:02  Viking  
  101  16:19  Viking  
  101  16:23  Viking  
Show
View Real Time Build Order
Export as new Build Order

TestBooster Protoss - Winner!

Build Orders: Carriers 

Get SALT Encoding   

  1  0:00  Probe  
  13  0:32  Pylon  
  13  0:36  Probe  
  13  0:39  Assimilator  
  14  0:48  Probe  
  15  0:54  Gateway  
  15  1:00  Probe  
  16  1:09  Probe  
  16  1:10  Forge  
  17  1:18  Assimilator  
  17  1:26  Probe  
  17  1:28  Pylon  
  18  1:38  Probe  
  19  1:45  Photon Cannon  
  19  1:56  Probe  
  20  2:08  Probe  
  21  2:13  Cybernetics Core  
  21  2:19  Zealot  
  23  2:29  Probe  
  24  2:41  Probe  
  24  2:43  Nexus  
  25  2:52  Stalker  
  27  3:06  Stargate  
  27  3:35  Stargate  
  27  3:39  Probe  
  28  3:43  Pylon  
  28  3:47  Assimilator  
  28  3:51  Probe  
  28  3:53  Probe  
  28  3:55  Void Ray  
  33  3:57  Pylon  
  33  4:01  Probe  
  35  4:23  Fleet Beacon  
  36  4:24  Probe  
  36  4:29  Assimilator  
  36  4:36  Probe  
  37  4:39  Void Ray  
  41  4:48  Probe  
  42  5:07  Void Ray  
  46  6:09  Probe  
  47  6:11  Oracle  
  47  6:12  Stargate  
  50  6:21  Probe  
  51  6:33  Probe  
  52  6:40  Carrier  
  52  6:45  Probe  
  59  6:47  Pylon  
  59  6:57  Probe  
  60  7:36  Stargate  
  60  7:37  Probe  
  60  7:39  Pylon  
  61  7:45  Probe  
  61  7:47  Probe  
  69  7:51  Carrier  
  69  7:53  Probe  
  69  7:58  Carrier  
  76  7:59  Probe  
  76  8:04  Protoss Air Weapons Level 1  
  77  8:05  Probe  
  78  8:19  Photon Cannon  
  78  8:21  Pylon  
  78  8:24  Pylon  
  78  8:28  Pylon  
  78  8:31  Pylon  
  78  8:39  Probe x2  
  78  8:40  Carrier  
  86  8:43  Photon Cannon, Carrier  
  92  8:51  Probe  
  93  9:03  Probe  
  86  10:05  Void Ray, Carrier  
  86  10:06  Carrier  
  108  10:07  Carrier  
  108  10:16  Pylon  
  108  10:21  Pylon  
  98  10:38  Stargate  
  98  10:48  Carrier  
  104  10:55  Pylon  
  104  10:59  Nexus  
  104  11:04  Pylon  
  104  11:09  Stargate  
  104  11:15  Cybernetics Core  
  104  11:27  Protoss Air Weapons Level 2  
  104  11:32  Carrier  
  110  11:44  Assimilator  
  110  11:46  Photon Cannon  
  110  11:49  Photon Cannon  
  110  11:54  Assimilator  
  86  12:51  Carrier x2  
  68  13:01  Carrier  
  68  13:02  Carrier  
  92  13:09  Probe  
  93  13:13  Photon Cannon  
  93  13:15  Photon Cannon  
  93  13:20  Pylon  
  93  13:21  Probe  
  93  13:23  Photon Cannon  
  100  13:27  Carrier  
  100  13:30  Void Ray  
  100  13:33  Probe  
  105  13:45  Probe  
  106  13:50  Photon Cannon  
  106  13:57  Probe  
  107  14:09  Probe  
  108  14:21  Probe  
  109  14:24  Pylon  
  109  14:28  Pylon  
  109  14:31  Pylon  
  109  14:34  Carrier x3  
  109  14:35  Carrier  
  109  14:37  Probe  
  134  14:49  Probe  
  135  14:58  Pylon  
  135  15:01  Probe  
  136  15:13  Probe  
  133  15:25  Probe  
  134  15:31  Carrier  
Show
View Real Time Build Order
Export as new Build Order

TATORREA Protoss 

Build Orders: Carriers 

Get SALT Encoding   

  12  0:01  Probe  
  13  0:13  Probe  
  14  0:23  Pylon  
  14  0:25  Probe  
  15  0:41  Probe  
  16  0:43  Gateway  
  16  0:53  Probe  
  16  1:05  Probe  
  17  1:18  Probe  
  18  1:30  Probe  
  19  1:42  Probe  
  20  1:51  Cybernetics Core  
  20  1:53  Gateway  
  20  1:58  Nexus  
  20  2:07  Probe  
  21  2:13  Pylon  
  21  2:19  Probe  
  22  2:31  Zealot  
  22  2:32  Probe  
  25  2:44  Probe  
  26  2:50  Assimilator  
  26  2:55  Assimilator  
  26  2:56  Probe  
  27  2:59  Pylon  
  27  3:04  Pylon  
  27  3:08  Probe, Zealot  
  27  3:10  Zealot  
  32  3:20  Probe  
  32  3:22  Probe  
  34  3:31  Probe  
  34  3:33  Probe  
  35  3:39  Probe  
  35  3:41  Probe  
  36  3:47  Probe  
  36  3:48  Assimilator  
  38  3:49  Probe  
  38  3:52  Assimilator  
  36  3:58  Probe  
  36  4:00  Probe  
  38  4:10  Probe  
  38  4:12  Gateway, Probe  
  38  4:15  Gateway  
  40  4:17  Cybernetics Core  
  40  4:23  Probe  
  41  4:25  Probe  
  41  4:28  Pylon  
  42  4:35  Probe  
  42  4:37  Probe  
  44  4:44  Pylon  
  44  4:47  Probe  
  44  4:48  Pylon  
  44  4:49  Probe  
  44  4:51  Stalker x2  
  50  4:53  Pylon  
  50  4:59  Probe  
  51  5:01  Probe  
  52  5:10  Nexus  
  52  5:16  Pylon  
  52  5:18  Probe  
  52  5:19  Pylon, Probe  
  54  5:31  Probe x2  
  58  5:43  Probe x2  
  58  5:48  Stalker x2  
  64  5:55  Probe x2  
  64  6:13  Warp Gate, Probe x2  
  49  6:24  Probe  
  49  6:25  Probe x2  
  45  6:33  Probe x2  
  45  6:34  Probe  
  46  6:41  Probe x2  
  46  6:42  Probe  
  46  6:44  Stalker x2  
  53  6:51  Probe  
  53  6:53  Stalker  
  54  6:54  Probe  
  54  6:56  Probe  
  54  6:58  Pylon  
  54  7:00  Pylon  
  56  7:03  Probe  
  56  7:05  Pylon  
  56  7:07  Probe  
  56  7:08  Probe  
  59  7:14  Stalker x2  
  63  7:16  Probe  
  64  7:29  Probe x3  
  67  7:41  Probe x3  
  70  7:48  Assimilator  
  70  7:52  Assimilator  
  70  7:53  Probe x3  
  70  7:56  Stargate  
  70  7:58  Stargate  
  73  8:00  Stargate  
  73  8:03  Stargate  
  73  8:04  Stalker  
  73  8:05  Stalker x3, Probe x2, Stargate  
  83  8:19  Twilight Council  
  83  8:21  Protoss Air Weapons Level 1, Forge  
  83  8:24  Protoss Air Armor Level 1  
  83  8:25  Forge  
  83  8:27  Forge  
  83  8:35  Probe x3  
  86  8:51  Fleet Beacon  
  86  8:52  Probe x3  
  89  9:08  Probe  
  89  9:09  Probe x2  
  92  9:21  Probe x3, Nexus  
  92  9:23  Pylon  
  95  9:27  Pylon  
  95  9:32  Pylon  
  95  9:35  Pylon, Phoenix x4  
  95  9:36  Phoenix  
  95  9:38  Pylon  
  105  9:41  Pylon  
  99  10:00  Phoenix  
  101  10:11  Probe x3  
  104  10:23  Probe x3  
  107  10:32  Tempest x2, Carrier x2  
  107  10:33  Carrier  
  107  10:35  Probe x3  
  138  11:02  Stalker x2  
  138  11:03  Stalker x2  
  146  11:09  Nexus  
  146  11:13  Pylon  
  146  11:14  Pylon  
  146  11:15  Tempest, Carrier  
  145  11:36  Tempest  
  142  12:17  Probe x3  
  136  12:29  Probe x3  
  139  12:32  Tempest  
  139  12:33  Carrier x2  
  150  13:14  Pylon  
  150  13:17  Pylon  
  150  13:20  Pylon  
  150  13:22  Pylon  
  150  13:25  Pylon  
  150  13:27  Pylon  
  150  13:30  Nexus  
  150  13:33  Carrier  
  156  13:35  Tempest, Probe  
  156  13:36  Probe x2  
  156  13:38  Tempest  
  169  13:42  Tempest, Carrier  
  169  13:48  Probe x3  
  183  13:51  Pylon  
  183  13:54  Pylon  
  183  13:58  Pylon  
  183  14:00  Probe  
  184  14:05  Pylon  
  182  14:10  Protoss Air Weapons Level 2  
  158  14:18  Protoss Air Armor Level 2, Carrier  
  158  14:21  Carrier  
  152  14:25  Tempest  
  152  14:30  Probe x3  
  135  14:34  Stalker  
  135  14:35  Stalker x3  
  135  14:37  Carrier  
  149  14:42  Probe x2  
  151  14:58  Assimilator  
  151  15:01  Assimilator  
  151  15:06  Pylon  
  151  15:08  Pylon  
  151  15:09  Assimilator  
  151  15:10  Assimilator  
  151  15:12  Stalker x3  
  151  15:13  Stalker  
  159  15:18  Tempest, Carrier  
  170  15:23  Carrier  
  176  15:49  Stalker  
  178  15:51  Stalker x2  
  178  15:52  Stalker  
  83  16:24  Stalker x4  
Show
View Real Time Build Order
Export as new Build Order

MrFercho Zerg 

Build Orders: Pool First 

Get SALT Encoding   

  12  0:01  Drone  
  13  0:16  Extractor  
  13  0:17  Overlord  
  13  0:20  Drone  
  13  0:28  Drone  
  14  0:46  Spawning Pool  
  14  0:47  Drone  
  14  0:51  Drone  
  14  0:55  Drone  
  16  1:01  Drone  
  17  1:16  Drone  
  18  1:29  Hatchery  
  17  1:35  Zergling x4  
  19  1:51  Metabolic Boost  
  19  1:56  Extractor  
  19  1:58  Drone  
  19  1:59  Drone  
  20  2:17  Overlord  
  20  2:19  Queen  
  22  2:35  Drone  
  22  2:36  Drone  
  25  2:44  Drone x2  
  26  3:08  Zergling x8  
  30  3:19  Drone  
  32  3:20  Drone  
  32  3:29  Drone x3  
  35  3:34  Hatchery  
  35  3:37  Extractor  
  33  3:46  Drone  
  33  3:47  Drone x2  
  36  3:49  Overlord x2  
  34  4:09  Zergling x6  
  33  4:28  Drone x3  
  36  4:36  Zergling x4  
  38  4:51  Queen  
  40  4:54  Lair  
  40  5:00  Evolution Chamber  
  40  5:03  Evolution Chamber  
  40  5:06  Zergling x2, Evolution Chamber  
  42  5:07  Zergling x10  
  43  5:43  Spore Crawler  
  43  5:45  Zerg Melee Weapons Level 1, Zerg Ground Armor Level 1, Zerg Missile Weapons Level 1  
  42  5:51  Spore Crawler  
  35  6:31  Zergling x10  
  35  6:32  Zergling x16  
  43  6:43  Hydralisk Den  
  42  7:02  Drone x6  
  48  7:14  Extractor  
  47  7:19  Hydralisk  
  47  7:20  Hydralisk x4  
  57  7:44  Zerg Missile Weapons Level 2, Zerg Ground Armor Level 2, Zerg Melee Weapons Level 2  
  57  7:50  Infestation Pit  
  56  7:55  Muscular Augments  
  43  8:09  Hydralisk x5  
  53  8:28  Lurker Den  
  53  8:29  Drone x6  
  58  8:38  Overlord  
  58  8:39  Overlord  
  58  8:55  Overlord  
  58  8:59  Drone x5  
  63  9:06  Grooved Spines  
  63  9:12  Hive  
  63  9:53  Drone x3  
  63  9:55  Hydralisk  
  63  9:56  Hydralisk x7  
  82  10:00  Overlord x2  
  82  10:26  Hydralisk  
  82  10:27  Hydralisk x5  
  42  11:08  Zerg Missile Weapons Level 3, Zerg Melee Weapons Level 3, Zerg Ground Armor Level 3  
  42  11:32  Drone x2  
  44  11:50  Hatchery  
  43  12:06  Drone x4  
  42  13:49  Hatchery  
  21  14:09  Drone  
  22  14:10  Drone x5  
  27  14:24  Spire  
  27  14:27  Spire  
  27  14:29  Drone x2  
  27  14:59  Drone x10  
  37  15:15  Extractor  
  36  15:38  Drone x6  
  36  15:39  Drone x2  
  44  15:47  Hatchery  
  43  15:54  Drone x6  
  49  15:57  Hatchery  
  48  16:10  Corruptor  
  50  16:12  Hatchery  
  49  16:26  Hydralisk Den  
  49  16:27  Corruptor  
  50  16:33  Corruptor  
  50  16:38  Corruptor x4  
Show
View Real Time Build Order
Export as new Build Order

tigro Terran 

Build Orders:  

Get SALT Encoding   

  12  0:01  SCV  
  13  0:14  SCV  
  14  0:22  Supply Depot  
  14  0:26  SCV  
  15  0:32  Refinery  
  15  0:43  SCV  
  16  0:50  Barracks  
  16  0:58  SCV  
  17  1:07  Refinery  
  17  1:10  SCV  
  18  1:22  SCV  
  19  1:46  Marine  
  20  1:52  Barracks  
  20  1:58  SCV  
  20  1:59  Supply Depot  
  21  2:04  Marine  
  22  2:11  SCV  
  23  2:22  Marine  
  24  2:23  SCV  
  24  2:28  Engineering Bay  
  25  2:35  SCV  
  26  2:39  Marine  
  26  2:40  Factory  
  27  2:47  Barracks Reactor, SCV  
  28  2:57  Marine  
  29  2:59  SCV  
  30  3:17  Barracks Tech Lab  
  30  3:22  Command Center  
  30  3:32  Starport  
  30  3:36  Factory Tech Lab  
  30  3:40  Orbital Command  
  30  3:44  Combat Shield  
  30  3:55  Marine  
  30  3:58  Refinery  
  31  4:06  Marine  
  31  4:09  Marine  
  28  4:24  Marine x2  
  29  4:26  Marine  
  31  4:35  Siege Tank  
  34  4:41  Marine  
  34  4:42  Marine  
  34  4:44  Marine  
  37  4:51  SCV  
  38  4:55  Medivac  
  38  4:58  Refinery  
  38  4:59  Marine x2  
  41  5:02  Marine  
  41  5:03  SCV  
  41  5:04  Stimpack  
  44  5:15  SCV  
  39  6:00  Medivac  
  41  6:13  Missile Turret  
  41  6:33  Missile Turret  
  41  6:44  Concussive Shells, SCV  
  42  6:55  Missile Turret, SCV  
  42  6:56  SCV  
  43  7:07  SCV  
  43  7:08  SCV  
  42  7:19  SCV  
  42  7:20  SCV  
  42  7:31  SCV  
  43  7:41  SCV  
  43  7:43  SCV  
  45  7:52  Missile Turret  
  45  7:53  SCV  
  46  8:00  SCV  
  47  8:05  SCV  
  47  8:12  SCV, Missile Turret  
  49  8:15  Starport Tech Lab  
  49  8:24  SCV  
  50  8:35  Terran Infantry Weapons Level 1  
  50  8:36  SCV  
  51  8:48  Fusion Core, Missile Turret, SCV  
  52  9:09  Starport, Missile Turret  
  49  9:31  Missile Turret  
  49  9:37  Armory  
  48  10:01  Missile Turret  
  48  10:02  Marine x3  
  51  10:07  Starport Tech Lab  
  51  10:20  Marine x3  
  54  10:21  Missile Turret  
  54  10:28  Planetary Fortress  
  54  10:29  Terran Infantry Armor Level 1  
  54  10:31  Siege Tank  
  54  10:34  Weapon Refit  
  57  10:37  Marine  
  57  10:38  Marine x2  
  57  10:39  Terran Vehicle Weapons Level 1  
  57  10:42  Missile Turret  
  60  10:55  Marine x2  
  62  11:03  Marine  
  48  11:13  Marine x2  
  48  11:21  Marine  
  49  11:26  Medivac x2  
  49  11:31  Marine x2  
  55  11:39  Marine  
  56  11:49  Supply Depot, Marine x2  
  58  11:56  Marine, Missile Turret  
  59  12:07  Marine  
  60  12:11  Battlecruiser  
  60  12:12  Supply Depot  
  60  12:14  Rapid Reignition System  
  66  12:23  Neosteel Armor  
  66  12:34  Battlecruiser, Terran Vehicle And Ship Armor Level 1  
  66  12:35  Supply Depot  
  63  12:50  Marine  
  63  12:51  Marine x2  
  66  13:08  Marine x2  
  66  13:09  Marine  
  66  13:11  Advanced Ballistics  
  69  13:18  Battlecruiser  
  75  13:26  Marine x3  
  78  13:38  Battlecruiser  
  78  13:40  Command Center  
  84  13:44  Marine x3  
  87  14:02  Marine x3  
  89  14:03  Hi-Sec Auto Tracking  
  64  14:19  Marine  
  64  14:20  Marine x2  
  67  14:28  Terran Ship Weapons Level 1  
  67  14:31  Medivac  
  67  14:37  Marine  
  67  14:38  Marine x2  
  72  14:42  Medivac  
  71  14:55  Marine, Refinery  
  71  14:58  Marine x2  
  68  15:04  Battlecruiser  
  74  15:12  Battlecruiser  
  74  15:13  Marine  
  75  15:15  Marine  
  75  15:16  Marine  
  68  15:30  SCV  
  68  15:31  Marine  
  68  15:33  Marine x2  
  72  15:42  SCV  
  62  15:49  Marine, Missile Turret  
  58  15:51  Marine x2  
  58  15:54  SCV  
  60  16:06  SCV  
  60  16:07  Marine  
  60  16:09  Missile Turret  
  57  16:18  SCV  
  52  16:28  Missile Turret  
  51  16:37  Missile Turret  
  63  16:48  Missile Turret  
  60  16:57  Missile Turret  
  37  17:08  Missile Turret  
Tags
 
Add a new tag
Caveats
  • Supply blocks, unpowered buildings, or Contaminate may cause inaccurate times.
  • Supply counts are checked every 10 seconds.